[Event "*** Titled Tuesday Blitz"]
[Site "Chess.com"]
[Date "2020.04.28"]
[Round "8"]
[White "XiaoKangZhong"]
[Black "politeplayer"]
[Result "1-0"]
[WhiteElo "2364"]
[BlackElo "2201"]
[TimeControl "180+1"]
[EndTime "11:35:55 PDT"]
[Termination "XiaoKangZhong won by resignation"]

1. e4 c5 2. c3 Nf6 3. d4 cxd4 4.
e5 Nd5 5. Nf3 e6 6. cxd4 d6 7. Bc4 Nc6 8. O-O Be7 9. Qe2 O-O 10.
Nc3 dxe5 11. dxe5 Nxc3 12. bxc3 Qa5 13. Bd2 Rd8 14. Rfd1 Bd7 15. Bd3 Be8 16. Qe4 g6 17. h4 Qd5 18. Qxd5 Rxd5 19. Be4 Rc5 20. Rab1 b6 21. Be3 Rxc3 22. Rdc1 Rxc1+ 23. Rxc1 Rc8 24. Nd4 Bc5 25. Nb5 Bxe3 26. fxe3 Ne7 27. Rxc8 Nxc8 28. a4 Bxb5 29. axb5 Ne7 30. Kf2 Nd5 31. Bxd5 exd5 32. Ke2 Kf8 33. Kd3 Ke7 34. Kd4 Ke6 35. g4 h6 36. e4 dxe4 37. Kxe4 f6 38. exf6 Kxf6 39.
Kd5 h5 40. gxh5 gxh5 41. Kc6 Ke6 42. Kb7 Kd6 43. Kxa7 Kc7 44. Ka6 Kc8 45. Kxb6 Kb8 46. Kc6 Kc8 47. b6 Kb8 48. b7 1-0

[Event "*** Titled Tuesday Blitz"]
[Site "Chess.com"]
[Date "2020.04.28"]
[Round "8"]
[White "AlanZhang"]
[Black "APOKALIPSA13"]
[Result "1-0"]
[WhiteElo "2174"]
[BlackElo "2232"]
[TimeControl "180+1"]
[EndTime "11:35:55 PDT"]
[Termination "AlanZhang won on time"]

1. e4 c5 2. Nf3 d6 3. d4 cxd4 4. Nxd4 Nf6 5. Nc3 g6 6. Be3 Bg7 7. f3 O-O 8. Qd2 Nc6 9. O-O-O Nxd4 10.
Bxd4 Be6 11. Kb1 a6 12. g4 b5 13. h4 b4 14. Ne2 Qa5 15. Nc1 Rac8 16. h5 Rc7 17. h6 Bh8 18. g5 Nd7 19. Bxh8 Kxh8 20.
f4 Rfc8 21. Rh2 f6 22. Rg2 Rxc2 23. Qxc2 Rxc2 24. Rxc2 Nc5 25. gxf6 exf6 26. Rxd6 Kg8 27. Rc6 Bxa2+ 28. Nxa2 b3 29. Bc4+ Kf8 30. Bxb3 Nxb3 31. Rc8+ Ke7 32. R2c7+ Kd6 33. Rc6+ Kd7 34. R8c7+ Qxc7 35. Rxc7+ Kxc7 36. Nb4 Nc5 37. Nd5+ Kd6 38. Nxf6 Ke6 39.
Nxh7 Nxe4 40. Ng5+ Nxg5 41. fxg5 1-0

[Event "*** Titled Tuesday Blitz"]
[Site "Chess.com"]
[Date "2020.04.28"]
[Round "8"]
[White "Carnivoras"]
[Black "TigrVShlyape"]
[Result "1-0"]
[WhiteElo "2652"]
[BlackElo "2821"]
[TimeControl "180+1"]
[EndTime "11:35:56 PDT"]
[Termination "Carnivoras won on time"]

1. d4 g6 2. c4 Bg7 3. Nc3 b6 4.
e4 Bb7 5. Nf3 d6 6. Be3 Nd7 7.
Be2 e6 8. O-O Ne7 9. Qc2 h6 10. b4 g5 11. Rfd1 Ng6 12. a4 O-O 13. a5 Qe7 14. a6 Bc8 15. d5 Nde5 16. Nd4 Bd7 17. Ncb5 Rfc8 18. Rac1 Nf4 19. Bf1 Ng4 20. Bd2 Qf6 21. Bc3 Qg6 22. g3 Nh5 23. c5 Nhf6 24.
c6 Be8 25. dxe6 Ne5 26. Nf5 Qh5 27. Bxe5 Ng4 28. h3 Nxe5 29. Ne7+ Kf8 30. Nxc8 Rxc8 31. Nxa7 Ra8 32. Nb5 Rc8 33. a7 Bxc6 34. Nxc7 g4 35. Qxc6 gxh3 36. Qd7 Nxd7 37. exd7 Rd8 38. a8=Q Rxa8 39.
Nxa8 Ke7 40. Nxb6 h2+ 41. Kh1 Bf6 42. Nd5+ Ke6 43. Nxf6 1-0

[Event "*** Titled Tuesday Blitz"]
[Site "Chess.com"]
[Date "2020.04.28"]
[Round "8"]
[White "harkerchess"]
[Black "Playgood28"]
[Result "1-0"]
[WhiteElo "2025"]
[BlackElo "2207"]
[TimeControl "180+1"]
[EndTime "11:35:56 PDT"]
[Termination "harkerchess won on time"]

1. d4 f5 2. e4 fxe4 3. Nc3 Nf6 4. Bg5 Nc6 5. Bxf6 exf6 6. Nxe4 d5 7. Nc3 Be7 8. Qh5+ g6 9. Qxd5 Bb4 10. Qxd8+ Nxd8 11. a3 Bxc3+ 12. bxc3 b6 13. Bb5+ Kf7 14. Bc4+ Kg7 15. Bd5 c6 16. Bf3 Ba6 17. O-O-O Rc8 18. Nh3 Re8 19. Rhe1 Ne6 20. Re3 Bc4 21. Rde1 Kf7 22.
Bg4 f5 23. Be2 Bd5 24. Ba6 Rcd8 25. f3 c5 26. c4 cxd4 27. cxd5 dxe3 28. dxe6+ Kxe6 29.
Bb5 Re7 30. Rxe3+ Kf6 31. Rc3 g5 32. Rc6+ Re6 33. Rxe6+ Kxe6 34. Nxg5+ Kf6 35. f4 h6 36. Nf3 Rd5 37. Bd3 Ra5 38. Kb2 Rc5 39. Kb3 a5 40. Nd4 Rd5 41. Nxf5 h5 42. Ne3 Rc5 43. Nc4 a4+ 44.
Kxa4 b5+ 45. Kb4 Rc7 46. Kxb5 h4 47. g3 1-0

[Event "*** Titled Tuesday Blitz"]
[Site "Chess.com"]
[Date "2020.04.28"]
[Round "8"]
[White "kingmonkey2006"]
[Black "aspired"]
[Result "1-0"]
[WhiteElo "2612"]
[BlackElo "2726"]
[TimeControl "180+1"]
[EndTime "11:35:57 PDT"]
[Termination "kingmonkey2006 won on time"]

1. e4 e5 2. Nf3 Nc6 3. Bb5 Nf6 4. d3 Ne7 5. c3 Ng6 6. O-O c6 7. Ba4 Be7 8. Nbd2 O-O 9. d4 d5 10. exd5 e4 11. Ne5 cxd5 12. c4 dxc4 13. Ndxc4 Be6 14. Be3 Nxe5 15. Nxe5 Nd5 16. Bb3 f6 17. Nc4 f5 18.
f3 b5 19. Ne5 Qb6 20. Bxd5 Bxd5 21. Nd7 Qe6 22. Nxf8 Rxf8 23. f4 Bxa2 24. d5 Bxd5 25. Rxa7 Rd8 26. Qa1 Bc4 27. Rd1 Bd3 28. Ra8 Qd5 29.
Rxd8+ Bxd8 30. Rc1 Bf6 31. Qa7 h6 32. Rc8+ Kh7 33.
Qb8 Qf7 34. Rh8+ Kg6 35. b4 Kh5 36. h3 Bc3 37. Kh2 Bxb4 38. Qc8 1-0

[Event "*** Titled Tuesday Blitz"]
[Site "Chess.com"]
[Date "2020.04.28"]
[Round "8"]
[White "kushagramohan"]
[Black "mortngabriel"]
[Result "1-0"]
[WhiteElo "2684"]
[BlackElo "2468"]
[TimeControl "180+1"]
[EndTime "11:35:57 PDT"]
[Termination "kushagramohan won on time"]

1. e4 c5 2. Nf3 d6 3. d4 cxd4 4. Nxd4 Nf6 5. Nc3 g6 6. Be3 Bg7 7. f3 O-O 8. Qd2 Nc6 9. O-O-O d5 10. Qe1 e5 11. Nxc6 bxc6 12. exd5 Nxd5 13. Bc4 Be6 14.
Kb1 Qc7 15. Ne4 Rfd8 16. Bc5 Rab8 17. Bb3 a5 18. a4 h6 19. h4 f5 20. Nc3 Nf4 21.
Rxd8+ Rxd8 22. g3 Bxb3 23. gxf4 Bf7 24. fxe5 Bxe5 25. Bb6 Qxb6 26. Qxe5 Rb8 27. Nd1 Qb4 28. h5 g5 29. Rg1 Re8 30. Qf6 Re6 31. Qd8+ Kg7 32.
Nc3 Re3 33. Rxg5+ Kh7 34. Rg1 Rxc3 35. Qf6 Ba2+ 36. Ka1 Qb7 37. Qxc3 Bd5 38. Qf6 Qf7 39.
Qxf7+ Bxf7 40. b4 axb4 41. a5 Bxh5 42. Rf1 1-0

[Event "*** Titled Tuesday Blitz"]
[Site "Chess.com"]
[Date "2020.04.28"]
[Round "8"]
[White "sergoy"]
[Black "xamax2000"]
[Result "1-0"]
[WhiteElo "2876"]
[BlackElo "2740"]
[TimeControl "180+1"]
[EndTime "11:35:58 PDT"]
[Termination "sergoy won on time"]

1. d4 Nf6 2. c4 e6 3. Nf3 d5 4. Nc3 Bb4 5. Qa4+ Nc6 6. e3 O-O 7. Qc2 a6 8. a3 Bd6 9. h3 Re8 10. Be2 dxc4 11. Bxc4 b5 12. Ba2 Bb7 13. O-O e5 14. Ng5 Rf8 15. dxe5 Nxe5 16. f4 Nc4 17. e4 h6 18. Nf3 Nh5 19. e5 Bc5+ 20. Kh2 Ne3 21. Bxe3 Bxe3 22. g3 Nxf4 23. gxf4 Bxf4+ 24. Kh1 Qh4 25. Qg2 Qh5 26. Rae1 Rae8 27. Ne4 Kh8 28.
Ng3 Bxg3 29. Qxg3 Re7 30. Kh2 Rfe8 31. Qg4 Qxg4 32. hxg4 Kg8 33. Nd4 Rd8 34. Nf5 Rd2+ 35. Kg3 Red7 36. Rf2 R7d3+ 37. Re3 Rxf2 38. Kxf2 Rd2+ 39.
Re2 Rd1 40. e6 fxe6 41. Rxe6 Kh7 42. Re7 Rd2+ 43. Ke3 Rxb2 44. Rxg7+ Kh8 45. Be6 Rb1 46. Rg6 1-0

[Event "*** Titled Tuesday Blitz"]
[Site "Chess.com"]
[Date "2020.04.28"]
[Round "8"]
[White "ftorodent"]
[Black "Milchone1"]
[Result "1-0"]
[WhiteElo "2683"]
[BlackElo "2506"]
[TimeControl "180+1"]
[EndTime "11:35:58 PDT"]
[Termination "ftorodent won by resignation"]

1. d4 Nf6 2. c4 g6 3. Nc3 Bg7 4. e4 O-O 5. Nf3 d6 6. Be2 c5 7. O-O Bg4 8. d5 b5 9. Nd2 Bxe2 10. Qxe2 bxc4 11. Nxc4 Nfd7 12. Bd2 Nb6 13. b3 Nxc4 14. bxc4 Nd7 15. Rab1 Qa5 16. Rb3 Qa6 17. Rfb1 Nb6 18.
Rb5 Bxc3 19. Bxc3 Qa4 20. Ba1 Qxc4 21. Qxc4 Nxc4 22. Rb7 Rfe8 23. f3 Kf8 24. a4 Rec8 25.
Bc3 a5 26. Kf2 f6 27. f4 Na3 28. R1b2 Nc4 29. R2b3 g5 30. g3 gxf4 31. gxf4 Kf7 32.
Ke2 Rg8 33. Kd3 Ne5+ 34. fxe5 fxe5 35. Rc7 Rg2 36. Rbb7 Re8 37. Bxa5 Rxh2 38. Bd2 Rh3+ 39. Kc4 Ra3 40. a5 h5 41. Bg5 Kg6 42. Bxe7 Rxa5 43.
Bxd6 Kg5 44. Rf7 Kg4 45. Rf5 h4 46. Rg7+ Kh3 47. Bxe5 Ra4+ 48. Kxc5 Rxe4 49. Bf4 Rc8+ 50. Bc7 Rg4 51. Rff7 Rxc7+ 52. Rxc7 Rc4+ 53. Kxc4 1-0

[Event "*** Titled Tuesday Blitz"]
[Site "Chess.com"]
[Date "2020.04.28"]
[Round "8"]
[White "Gubajdullin"]
[Black "olomi007"]
[Result "0-1"]
[WhiteElo "2494"]
[BlackElo "2667"]
[TimeControl "180+1"]
[EndTime "11:35:58 PDT"]
[Termination "olomi007 won on time"]

1. d4 d5 2. Bf4 Nf6 3. e3 e6 4.
Nd2 Bd6 5. Bxd6 Qxd6 6. f4 c5 7. c3 O-O 8. Ngf3 b6 9. Ne5 Ne4 10. Nxe4 dxe4 11. dxc5 Qxc5 12. Qd4 Qc7 13. Qxe4 Bb7 14.
Qc4 Qe7 15. Bd3 Rc8 16. Qb4 Qxb4 17. cxb4 Bxg2 18. Rg1 Bd5 19. b5 f6 20. Ng4 Nd7 21. b4 f5 22. Nf2 Nf6 23. Kd2 Rd8 24. Ke2 Rac8 25. Rgc1 h6 26. a4 g5 27. a5 g4 28.
Rxc8 Rxc8 29. axb6 axb6 30. Ra6 Bf3+ 31. Kd2 Nd5 32.
e4 Nxf4 33. Rxb6 Nxd3 34. Kxd3 f4 35. Rxe6 Rd8+ 36. Kc3 Kg7 37. b6 g3 38. hxg3 fxg3 39. Nh3 Bg4 40. Re7+ Kf6 41. Rh7 Kg6 42. Rc7 Bxh3 43.
b7 g2 44. Rc6+ Kg5 45. Rc7 Kf6 46. Rc6+ Be6 0-1

[Event "*** Titled Tuesday Blitz"]
[Site "Chess.com"]
[Date "2020.04.28"]
[Round "8"]
[White "Mimsychess"]
[Black "PlayChessSimple"]
[Result "0-1"]
[WhiteElo "2355"]
[BlackElo "2528"]
[TimeControl "180+1"]
[EndTime "11:35:59 PDT"]
[Termination "PlayChessSimple won by checkmate"]

1. c4 f5 2. g3 Nf6 3. Bg2 g6 4. Nc3 Bg7 5. d3 O-O 6. e4 d6 7. Nge2 e5 8. O-O f4 9. d4 Nh5 10. dxe5 f3 11. Bxf3 Rxf3 12. Nf4 Bg4 13. Qd5+ Kh8 14.
h3 Nxf4 15. Bxf4 Bxh3 16. exd6 cxd6 17. e5 Rxf4 18. gxf4 Bxf1 19. Rxf1 Nc6 20. exd6 Qh4 21. Rd1 Qg4+ 22. Qg2 Qxg2+ 23. Kxg2 Bxc3 24. bxc3 Kg7 25. c5 Kf6 26. Rb1 Rb8 27. Kf3 Ke6 28. Ke4 b6 29. Rb5 bxc5 30. Rxc5 Kxd6 31. Rd5+ Ke6 32. Rc5 Rb6 33. c4 Ra6 34. a4 Ne7 35. Re5+ Kf6 36. Rc5 Rxa4 37. Rc7 h5 38. Kf3 Ra3+ 39. Ke4 a5 40. c5 Rc3 41. Kd4 Rc2 42. Kd3 Rc1 43.
Kd2 Rc4 44. Kd3 Rxf4 45. Ra7 Rxf2 46. Rxa5 Rf5 47. Ke4 h4 48. Ra6+ Kg5 49. Ra7 Nc6 50. Rh7 Rxc5 51. Kf3 Rc3+ 52. Kf2 Kg4 53. Rd7 g5 54.
Rb7 h3 55. Rb1 Rf3+ 56. Kg1 Nd4 57. Kh1 Kh4 58. Rb4 Rf4 59. Rc4 g4 60. Rc8 Rf1+ 61.
Kh2 Nf3# 0-1

[Event "*** Titled Tuesday Blitz"]
[Site "Chess.com"]
[Date "2020.04.28"]
[Round "8"]
[White "zmeeed67"]
[Black "viktorskliarov"]
[Result "1-0"]
[WhiteElo "2387"]
[BlackElo "2605"]
[TimeControl "180+1"]
[EndTime "11:35:59 PDT"]
[Termination "zmeeed67 won by resignation"]

1. d4 Nf6 2. c4 e6 3. Nc3 Bb4 4. f3 c5 5. d5 b5 6. e4 bxc4 7. Bxc4 Nxd5 8. Bxd5 exd5 9. Qxd5 Nc6 10. Ne2 Ba6 11. Be3 Qb6 12. Kf2 O-O 13. Rab1 Bxe2 14. Nxe2 Qa6 15. a3 Ba5 16. Bxc5 Bb6 17. Rhc1 Bxc5+ 18. Qxc5 Rae8 19. b4 Qxa3 20. b5 Qxc5+ 21. Rxc5 Ne5 22. Ke3 f5 23. h3 fxe4 24. fxe4 d6 25. Rd5 Nc4+ 26. Kd3 Rc8 27. Nd4 Ne5+ 28.
Ke2 Rc3 29. Rb3 Rc1 30. Rxd6 Rff1 31. Rd8+ Kf7 32. Nf3 Nc4 33. Rd7+ Ke6 34. Rxa7 Rh1 35. b6 Rc2+ 36. Kd3 Rhc1 37. Nd4+ Kd6 38. Nxc2 Ne5+ 39.
Kd2 Rg1 40. b7 Rxg2+ 41. Kc3 Nc6 42. Ra6 Kc7 43. Rxc6+ Kxc6 44. b8=Q Rg3+ 45. Kb2 1-0

[Event "*** Titled Tuesday Blitz"]
[Site "Chess.com"]
[Date "2020.04.28"]
[Round "8"]
[White "Tapuah"]
[Black "kuli4ik"]
[Result "1-0"]
[WhiteElo "2846"]
[BlackElo "2712"]
[TimeControl "180+1"]
[EndTime "11:36:00 PDT"]
[Termination "Tapuah won by resignation"]

1. e4 Nf6 2. e5 Nd5 3. d4 d6 4. Nf3 Nb6 5. Be2 g6 6. O-O Bg7 7. exd6 cxd6 8. c4 O-O 9. Nc3 e5 10. Bg5 f6 11. Be3 Nc6 12. dxe5 dxe5 13. c5 Nd7 14.
Ne4 Qe7 15. Bc4+ Kh8 16. Qd6 f5 17. Qxe7 Nxe7 18. Nd6 f4 19. Bd2 Nxc5 20. Ng5 Bf6 21.
Bb4 b6 22. Nge4 Kg7 23. Nxc5 bxc5 24. Bxc5 Rd8 25. Rad1 Nf5 26. Ne4 Nd4 27. Nxf6 Kxf6 28. Bxd4 exd4 29. Rfe1 Bf5 30. Rd2 d3 31. f3 Rd4 32. b3 a5 33. a4 Rc8 34. Kf2 Rdxc4 35. bxc4 Rxc4 36. Ra1 Ke5 37. Rb2 Kd4 38. Ke1 Ke3 39.
Rd1 Rxa4 40. Rb7 Ra2 41. Re7+ Kd4 42. Rd2 Ra1+ 43. Rd1 h5 44. Rxa1 1-0

[Event "*** Titled Tuesday Blitz"]
[Site "Chess.com"]
[Date "2020.04.28"]
[Round "8"]
[White "AttilaTurzo"]
[Black "Justinz"]
[Result "0-1"]
[WhiteElo "2480"]
[BlackElo "2275"]
[TimeControl "180+1"]
[EndTime "11:36:00 PDT"]
[Termination "Justinz won by resignation"]

1. e4 c5 2. Nf3 d6 3. d4 cxd4 4. Nxd4 Nf6 5. Nc3 a6 6. Be3 e5 7. Nf3 Qc7 8. a4 Be7 9. a5 Be6 10. Ng5 Nbd7 11. Nxe6 fxe6 12. g3 Qc6 13. Bg2 O-O 14.
O-O Nc5 15. Bxc5 Qxc5 16. Kh1 Rad8 17. f4 exf4 18. gxf4 d5 19. e5 Ne4 20. Nxe4 dxe4 21. Qe2 e3 22. Ra3 Rd2 23. Qxe3 Qxc2 24. Rc3 Qxb2 25.
Rb3 Qa2 26. Rg1 Qxa5 27. Rxb7 Rf7 28. Rb8+ Bf8 29. Rgb1 Qa2 30. Qe4 Re2 31. Qa8 Rxf4 32. R8b6 Rff2 33. Rg1 g6 34. Rxa6 Qc4 35. Qc6 Qxc6 36.
Rxc6 Kf7 37. Rf1 Rxf1+ 38. Bxf1 Rf2 39. Bh3 Re2 40. Rxe6 Bg7 41. Ra6 Bxe5 42. Be6+ Kg7 43. h3 Rh2+ 44. Kg1 Rd2 45. Ra7+ Kh6 46. Bg4 Bd4+ 47. Kf1 Bxa7 0-1

[Event "*** Titled Tuesday Blitz"]
[Site "Chess.com"]
[Date "2020.04.28"]
[Round "8"]
[White "Klavdia_Nik"]
[Black "AnnaChessLook"]
[Result "0-1"]
[WhiteElo "2043"]
[BlackElo "2275"]
[TimeControl "180+1"]
[EndTime "11:36:00 PDT"]
[Termination "AnnaChessLook won on time"]

1. Nf3 c5 2. c4 Nf6 3. b3 g6 4. Bb2 Bg7 5. g3 O-O 6. Bg2 Nc6 7. O-O d5 8. d3 d4 9. Nbd2 e5 10. b4 cxb4 11. a3 Re8 12. axb4 Nxb4 13. Ba3 Nc6 14. Ng5 Qc7 15. Qa4 Bd7 16. Nge4 Nxe4 17. Nxe4 a5 18. Bd6 Qc8 19. Qa3 b6 20. Rfb1 f5 21. Nd2 Qa6 22. Bd5+ Kh8 23. Ra2 Ra7 24. Rab2 Rb7 25.
Kg2 Rc8 26. Nb3 Nd8 27. Bxb7 Qxb7+ 28. Kg1 Qc6 29. Nd2 b5 30. cxb5 Qd5 31. Nc4 Qe6 32.
b6 Nb7 33. Bc7 Bc6 34. Rc2 Qd5 35. f3 e4 36. Nd2 exf3 37. Nxf3 Bh6 38. Qb3 Be3+ 39.
Kg2 Qd7 40. Qc4 Bd5 41. Qb5 Qf7 42. Be5+ Kg8 0-1

[Event "*** Titled Tuesday Blitz"]
[Site "Chess.com"]
[Date "2020.04.28"]
[Round "8"]
[White "Batsai"]
[Black "dukicz123"]
[Result "0-1"]
[WhiteElo "2268"]
[BlackElo "2503"]
[TimeControl "180+1"]
[EndTime "11:36:02 PDT"]
[Termination "dukicz123 won on time"]

1. e4 e5 2. Nf3 Nc6 3. Bb5 a6 4. Ba4 Nf6 5. O-O Be7 6. Re1 b5 7. Bb3 O-O 8. c3 d5 9. exd5 Nxd5 10. Nxe5 Nxe5 11. Rxe5 c6 12. d3 Bd6 13. Re1 Bf5 14. Qf3 Re8 15. Be3 Qd7 16. h3 Bxd3 17. Nd2 Nxe3 18. Rxe3 Rxe3 19. fxe3 Bg6 20. Rd1 Qe7 21.
Nf1 Rc8 22. a4 c5 23. axb5 axb5 24. Bd5 h6 25. e4 Re8 26. Bc6 Rb8 27. Qd3 Bf4 28. Ne3 c4 29. Qe2 Qc5 30. Rd4 Qxc6 31. Nd5 Bg5 32. Qg4 Re8 33. h4 Bd8 34. h5 Bh7 35.
Nb4 Qe6 36. Qxe6 fxe6 37. Rd6 Be7 38. Rc6 Bxe4 39. Rc7 Bd6 40. Rd7 Bc5+ 41. Kf1 Rf8+ 42. Ke2 Rf2+ 43. Ke1 Rxb2 44. Na6 Bf2+ 45. Kd1 Bxg2 46. Nc7 Be3 47. Ke1 Bf3 0-1

[Event "*** Titled Tuesday Blitz"]
[Site "Chess.com"]
[Date "2020.04.28"]
[Round "8"]
[White "EnergeticHay"]
[Black "Qvalda"]
[Result "1-0"]
[WhiteElo "2227"]
[BlackElo "2382"]
[TimeControl "180+1"]
[EndTime "11:36:02 PDT"]
[Termination "EnergeticHay won on time"]

1. e4 c5 2. Nf3 e6 3. d4 cxd4 4. Nxd4 a6 5. c4 Nf6 6. Nc3 Bb4 7. Qd3 Nc6 8. Nxc6 dxc6 9. Qxd8+ Kxd8 10. e5 Bxc3+ 11.
bxc3 Nd7 12. f4 c5 13. a4 a5 14. Be2 b6 15. Bf3 Rb8 16. Be3 Bb7 17. Kf2 Bxf3 18.
Kxf3 Kc7 19. Rhd1 Rbd8 20. Rd6 Nb8 21. Rad1 Nc6 22. Ke4 h5 23. h3 g6 24. g4 hxg4 25.
hxg4 Rxd6 26. exd6+ Kd7 27. Rb1 Rb8 28. Rd1 f5+ 29. gxf5 gxf5+ 30. Kf3 Na7 31. Bf2 Nc8 32. Bh4 Rb7 33. Bf6 Na7 34. Be5 Nc6 35. Rb1 Nb8 36.
Kg3 Kc6 37. Kh4 Rh7+ 38. Kg5 Nd7 39. Kg6 Rh2 40. Kf7 Re2 41. Kxe6 Re3 42. Kxf5 Re2 43. Rh1 1-0

[Event "*** Titled Tuesday Blitz"]
[Site "Chess.com"]
[Date "2020.04.28"]
[Round "8"]
[White "hongnhung1234"]
[Black "Kopytkin"]
[Result "0-1"]
[WhiteElo "2212"]
[BlackElo "2383"]
[TimeControl "180+1"]
[EndTime "11:36:02 PDT"]
[Termination "Kopytkin won by checkmate"]

1. e4 c6 2. d4 d5 3. f3 e5 4. Nc3 exd4 5. Qxd4 Nf6 6. Bg5 Be7 7.
O-O-O c5 8. Bb5+ Nc6 9. Qa4 d4 10. Bxf6 Bxf6 11. Nd5 Bd7 12. Ne2 a6 13. Bxc6 Bxc6 14.
Nxf6+ Qxf6 15. Qa3 b6 16. Kb1 Bb5 17. Ng3 O-O 18.
Rhe1 Qe5 19. Nf5 Rfd8 20. g3 g6 21. Nh6+ Kg7 22. Ng4 Qe6 23. Qb3 Bc4 24. Qa3 Rac8 25. e5 b5 26. Nf6 Bd5 27. Qd3 Bxa2+ 28. Ka1 Bd5 29. Qd2 h6 30. Ng4 Rh8 31. Nf6 b4 32. f4 Bf3 33. Rc1 a5 34. Qf2 Qc6 35. g4 Rhd8 36. f5 c4 37. fxg6 fxg6 38. h4 d3 39. cxd3 Qa4+ 40. Kb1 b3 41. Rxc4 Rxc4 42. dxc4 Qa2+ 43.
Kc1 Qa1# 0-1

[Event "*** Titled Tuesday Blitz"]
[Site "Chess.com"]
[Date "2020.04.28"]
[Round "8"]
[White "MisiekZielony"]
[Black "agrigo3"]
[Result "0-1"]
[WhiteElo "2121"]
[BlackElo "2302"]
[TimeControl "180+1"]
[EndTime "11:36:02 PDT"]
[Termination "agrigo3 won on time"]

1. c4 c6 2. Nc3 d5 3. cxd5 cxd5 4. d4 Nf6 5. Nf3 a6 6. Bf4 Nc6 7. Rc1 Bg4 8. Ne5 Nxe5 9. dxe5 d4 10. exf6 dxc3 11.
Qxd8+ Rxd8 12. fxe7 Bxe7 13. bxc3 O-O 14. Be5 Be6 15.
Rc2 b5 16. e3 Bf5 17. Rd2 Rxd2 18. Kxd2 Rd8+ 19. Bd4 b4 20. Bd3 bxc3+ 21. Kxc3 Bxd3 22. Kxd3 Rb8 23. Kc2 f6 24. Rb1 Rc8+ 25. Kd3 Kf7 26. Rb7 Rc6 27. Ra7 Ke6 28. a4 g6 29. a5 f5 30. Bb6 h5 31. Rxa6 Bb4 32. Ra7 Rc3+ 33. Ke2 Rc2+ 34. Kd3 Rc3+ 35. Kd4 Rc2 36. Rh7 Rxf2 0-1

[Event "*** Titled Tuesday Blitz"]
[Site "Chess.com"]
[Date "2020.04.28"]
[Round "8"]
[White "Supernotar"]
[Black "chito89"]
[Result "1-0"]
[WhiteElo "2629"]
[BlackElo "2752"]
[TimeControl "180+1"]
[EndTime "11:36:03 PDT"]
[Termination "Supernotar won by resignation"]

1. d4 Nf6 2. c4 e6 3. Nf3 c5 4.
d5 exd5 5. cxd5 d6 6. Nc3 g6 7.
Nd2 Nbd7 8. g3 Bg7 9. Bg2 O-O 10. O-O Re8 11. h3 b6 12. Nc4 Ne5 13. Ne3 Ba6 14.
Qa4 Qc8 15. f4 Ned7 16. Nc4 Bxc4 17. Qxc4 a6 18. e4 b5 19. Qd3 c4 20. Qc2 b4 21. Na4 Rb8 22. Kh2 Nc5 23. e5 dxe5 24. fxe5 Nh5 25. e6 fxe6 26. dxe6 Be5 27. Bf4 Bxf4 28.
gxf4 Nxa4 29. Qxa4 Qxe6 30. Rae1 Qxe1 31. Rxe1 Rxe1 32. Qxa6 Rbe8 33. Qxc4+ Kg7 34. Bf3 Nf6 35. Qxb4 Rc1 36. a4 Rc2+ 37. Kg3 Re3 38. a5 Nh5+ 39.
Kg4 Rf2 40. Qb7+ Kh6 41. a6 Rg2+ 42. Bxg2 1-0

[Event "*** Titled Tuesday Blitz"]
[Site "Chess.com"]
[Date "2020.04.28"]
[Round "8"]
[White "LiamPutnam2008"]
[Black "profofchess"]
[Result "0-1"]
[WhiteElo "2534"]
[BlackElo "2410"]
[TimeControl "180+1"]
[EndTime "11:36:04 PDT"]
[Termination "profofchess won on time"]

1. e4 e6 2. d3 c5 3. Nd2 Nc6 4. g3 g6 5. Bg2 Bg7 6. Ngf3 d6 7.
O-O Nge7 8. Re1 O-O 9. c3 e5 10. Rb1 Be6 11. a3 h6 12. b4 b6 13. Bb2 f5 14.
Qe2 f4 15. d4 cxd4 16. cxd4 exd4 17. Rbc1 Qd7 18. b5 Ne5 19. Nxd4 Bh3 20. N2f3 Kh7 21. Nxe5 dxe5 22. Nc6 Bxg2 23. Red1 Qe6 24. Nxe7 Qxe7 25. f3 Bh3 26. g4 h5 27. gxh5 gxh5 28. Kh1 Rac8 29.
Rb1 Bh8 30. Rd2 Rg8 31. Rbd1 Bf6 32. Qe1 Rg7 33. Rd6 Rcg8 34. Qd2 Bh4 35. Rd5 Bg2+ 36. Qxg2 Rxg2 37. Rxe5 Qf7 38. Bd4 Rc2 39. Rd5 Rgg2 40. Bg1 Rxg1+ 41. Rxg1 Rc5 42. Rd6 Rc2 43. Rd5 Bf2 44.
Rf1 Be3 45. Rf5 Qg6 46. Rf2 Rxf2 0-1

[Event "*** Titled Tuesday Blitz"]
[Site "Chess.com"]
[Date "2020.04.28"]
[Round "8"]
[White "Tall-guy"]
[Black "otrov-11"]
[Result "0-1"]
[WhiteElo "2128"]
[BlackElo "2383"]
[TimeControl "180+1"]
[EndTime "11:36:04 PDT"]
[Termination "otrov-11 won by resignation"]

1. e4 e6 2. d4 d5 3. Nd2 c5 4.
exd5 Qxd5 5. dxc5 Bxc5 6. Ngf3 Nf6 7. Bc4 Qd6 8. O-O O-O 9. Nb3 Qxd1 10. Rxd1 Be7 11.
a4 Nc6 12. a5 a6 13. Be3 Bd7 14. Bc5 Rfc8 15. Bxe7 Nxe7 16. Bd3 Ned5 17. Ne5 Be8 18. c3 Nd7 19. Nc4 Nc5 20. Nxc5 Rxc5 21. Ne5 h6 22. Be4 Rb8 23. Bxd5 exd5 24. Rd4 f6 25. Nd3 Rb5 26. Nb4 Bf7 27. Re1 Rxa5 28. h3 Kf8 29. Red1 Rd8 30. Kf1 Rc5 31. Ke2 a5 32. Nd3 Rc7 33.
Nf4 Re7+ 34. Kf1 Red7 35. c4 g5 36. Nxd5 Bxd5 37. cxd5 Ke7 38. Ke2 Kd6 39. Kd3 Kc5 40.
Kc3 Rxd5 41. Rc4+ Kb6 42. Rxd5 Rxd5 43. h4 Rc5 44. hxg5 hxg5 45. Kd4 Rxc4+ 46. Kxc4 Kc6 47. Kd4 b5 48. f3 Kd6 49. g3 f5 50. b3 a4 51. b4 a3 52. Kc3 Kd5 53. g4 fxg4 54.
fxg4 a2 55. Kb2 Kc4 56. Kxa2 Kxb4 57. Kb2 Kc4 58. Kc2 Kd4 59. Kb3 Ke4 60. Kb4 Kf4 61.
Kxb5 Kxg4 62. Kc4 Kf3 63. Kd3 g4 64. Kd2 Kf2 0-1

[Event "*** Titled Tuesday Blitz"]
[Site "Chess.com"]
[Date "2020.04.28"]
[Round "8"]
[White "eightbyeightchess"]
[Black "Chepaschess"]
[Result "0-1"]
[WhiteElo "2503"]
[BlackElo "2671"]
[TimeControl "180+1"]
[EndTime "11:36:05 PDT"]
[Termination "Chepaschess won by resignation"]

1. e4 c5 2. Nf3 d6 3. d4 cxd4 4. Qxd4 Nc6 5. Bb5 a6 6. Bxc6+ bxc6 7. Nc3 e5 8. Qd3 Ne7 9. Bg5 f6 10. Be3 Be6 11. O-O d5 12. Bc5 Ng6 13. Bxf8 Rxf8 14. g3 Qd6 15. Rad1 d4 16. Ne2 c5 17. Qa3 Rd8 18. Nc3 c4 19. Qa4+ Kf7 20. Nb1 Kg8 21.
Nbd2 Rc8 22. Kg2 Rfd8 23. Ng1 Bd7 24. Qa5 Qc5 25. Qxa6 Rc6 26. Qa3 Qxa3 27. bxa3 Ra8 28. Rb1 Rxa3 29. Rb8+ Kf7 30. Rfb1 Rxa2 31. R1b7 Nf8 32.
Rxf8+ Kxf8 33. Rxd7 Rxc2 34. Ngf3 c3 35. Nb3 Rb2 36. Nc1 c2 37. Ne1 Rb1 38. Ned3 Rc3 39. f4 Rxd3 40. Nxd3 Rd1 41. Rc7 Rxd3 42. Rxc2 Re3 43.
fxe5 fxe5 44. Rc7 Rxe4 45. Kf2 h5 46. Kf3 Re3+ 47. Kf2 Rc3 48. Rd7 Rc2+ 49. Kf3 Rxh2 50. Ke4 Re2+ 51. Kf5 Re3 52. g4 hxg4 53. Kg6 Ke8 54.
Rxg7 d3 55. Kf6 d2 56. Ke6 Kf8 57. Rf7+ Kg8 58. Rd7 Re2 59. Kf6 g3 60. Kg6 Kf8 61.
Kf6 Rf2+ 62. Kxe5 g2 0-1

[Event "*** Titled Tuesday Blitz"]
[Site "Chess.com"]
[Date "2020.04.28"]
[Round "8"]
[White "Oglob71"]
[Black "quesfr"]
[Result "1-0"]
[WhiteElo "2493"]
[BlackElo "2246"]
[TimeControl "180+1"]
[EndTime "11:36:05 PDT"]
[Termination "Oglob71 won by checkmate"]

1. d4 d5 2. Nf3 Nf6 3. c4 e6 4.
Nc3 Be7 5. Bg5 Nbd7 6. e3 h6 7. Bh4 O-O 8. cxd5 exd5 9. Bd3 c6 10. Bg3 Re8 11. Qc2 a5 12. O-O Nf8 13. Rfe1 Ne6 14. Rac1 Ng5 15. Ne5 Bd6 16. f3 Qe7 17.
f4 Nge4 18. Bh4 Nxc3 19. bxc3 Qc7 20. c4 dxc4 21. Bxc4 Bxe5 22. fxe5 Nh7 23. Bg3 Be6 24.
Bd3 Nf8 25. e4 Qd7 26. Bf2 Rad8 27. Red1 Qe7 28. Bf1 Qg5 29. a3 Qg4 30. h3 Qg5 31. Kh2 Qf4+ 32. Bg3 Qe3 33. Qc3 Qg5 34. Rc2 a4 35. Rcd2 Ng6 36. Qf3 Nh4 37. Qf4 Ng6 38. Qxg5 hxg5 39. d5 cxd5 40. exd5 Bf5 41. Bb5 Bd7 42. Bxd7 Rxd7 43. e6 fxe6 44. dxe6 Rxd2 45. Rxd2 Rxe6 46. Rd4 b5 47. Rd8+ Kh7 48. Rb8 Nf4 49. Rxb5 Re2 50. Bxf4 gxf4 51. Rf5 Re3 52. Rxf4 Rxa3 53.
h4 g6 54. g3 Kh6 55. Kh3 g5 56.
Rf6+ Kh5 57. Rf5 Kh6 58. Rxg5 Ra1 59. Ra5 a3 60. Kg4 a2 61. Ra6+ Kg7 62. h5 Kh7 63. Ra7+ Kh6 64. Ra6+ Kh7 65. Kg5 Rg1 66. Ra7+ Kg8 67.
Ra8+ Kf7 68. Ra7+ Kf8 69. Rxa2 Rxg3+ 70. Kf6 Rg1 71. Ra8# 1-0